 Dungeon Crawl Stone Soup version 0.24-a0-254-gf493760 (webtiles) character file.

Game seed: 16353013139242371891

25435 Inarius the Stickfighter (level 12, -17/110 HPs)
             Began as a Minotaur Chaos Knight on Apr 18, 2019.
             Was a Plaything of Xom.
             Demolished by a death yak (32 damage)
             ... on level 3 of the Lair of Beasts.
             The game lasted 00:27:31 (15588 turns).

Inarius the Stickfighter (Minotaur Chaos Knight)   Turns: 15588, Time: 00:27:32

Health: -17/110    AC: 20    Str: 26    XL:     12   Next: 89%
Magic:  16/16      EV: 10    Int: 11    God:    Xom [.....*]
Gold:   392        SH:  0    Dex: 13    Spells: 11/11 levels left

rFire    + + .     SeeInvis .   o - +4 quarterstaff (chaos)
rCold    . . .     Gourm    +   (shield currently unavailable)
rNeg     . . .     Faith    .   B - +0 plate armour
rPois    +         Spirit   .   (helmet unavailable)
rElec    .         Reflect  .   k - +2 cloak {+Inv}
rCorr    .         Harm     .   I - +2 pair of gloves
MR       .....     Clarity  +   K - +0 pair of boots
Stlth    ..........             v - amulet of the gourmand
HPRegen  0.28/turn              F - ring of protection from fire
MPRegen  0.15/turn              G - +3 ring of strength

@: very slightly contaminated
A: retaliatory headbutt, horns 3, icy blue scales 1, thin skeletal structure 1,
blink, clarity, clever 1, deformed body, fire resistance 1, poison resistance,
strong 1, MP-powered wands, sturdy frame 1
a: Blink, Renounce Religion, Evoke Invisibility


You were on level 3 of the Lair of Beasts.
You worshipped Xom.
You were Xom's teddy bear.
You were completely stuffed.

You visited 2 branches of the dungeon, and saw 14 of its levels.

You collected 918 gold pieces.
You spent 526 gold pieces at shops.

Inventory:

Hand Weapons
 e - the +3 rapier "Minotaur's Doom" {antimagic, Fragile +Inv Str+5 SInv}
   (You found it on level 8 of the Dungeon)

   It reduces the magical energy of the wielder, and disrupts the spells and
   magical abilities of those hit.
   Natural abilities and divine invocations are not affected.
   It affects your strength (+5).
   It lets you see invisible.
   It lets you turn invisible.
   It will be destroyed if unequipped.
 o - a +4 quarterstaff of chaos (weapon)
 E - a +3 lajatang
Missiles
 N - 7 javelins of penetration (quivered)
Armour
 k - a +2 cloak of invisibility (worn)
 B - a +0 plate armour (worn)
 I - a +2 pair of gloves (worn)
 K - a +0 pair of boots (worn)
Jewellery
 d - an uncursed ring of stealth
 q - an uncursed ring of resist corrosion
 v - an amulet of the gourmand (around neck)
 F - a ring of protection from fire (left hand)
 G - a +3 ring of strength (right hand)
Wands
 b - a wand of iceblast (6)
 u - a wand of polymorph (5)
 w - a wand of flame (4)
 L - a wand of scattershot (2)
Scrolls
 a - 3 scrolls of immolation
 g - 6 scrolls of teleportation
 j - 2 scrolls of fear
 l - 2 scrolls of random uselessness {unknown}
 m - 6 scrolls of fog
 p - 10 scrolls of remove curse
 s - 4 scrolls of magic mapping
 y - 4 scrolls of enchant armour
 D - a scroll of blinking
 H - a scroll of acquirement {unknown}
 M - 2 scrolls of vulnerability {unknown}
 O - a scroll of torment {unknown}
Potions
 f - a potion of cancellation {unknown}
 h - a potion of brilliance
 i - 2 potions of curing
 n - 3 potions of lignification
 r - 3 potions of magic
 t - a potion of berserk rage
 x - a potion of flight {unknown}
 z - 2 potions of heal wounds
 A - 3 potions of haste
 C - 2 potions of agility
Comestibles
 c - 38 rations
 J - 5 chunks of flesh


   Skills:
 + Level 11.0 Fighting
 - Level 4.3 Short Blades
 * Level 16.6 Staves
 + Level 11.7 Armour
 + Level 3.3 Dodging
 - Level 0.7 Stealth
   Level 0.1 Shields
 * Level 7.8 Evocations


You had 11 spell levels left.
You didn't know any spells.
Your spell library contained the following spells:

 Spells                   Type           Power        Failure   Level  Hunger
 Magic Dart               Conj           #...         88%         1    ##.....
 Shock                    Conj/Air       #...         88%         1    ##.....
 Searing Ray              Conj           #.....       96%         2    ###....
 Swiftness                Chrm/Air       #.......     96%         2    ###....
 Dazzling Spray           Conj/Hex       #.....       99%         3    ####...
 Static Discharge         Conj/Air       #.......     99%         3    ####...
 Airstrike                Air            #.........   100%        4    #####..
 Force Lance              Conj/Tloc      #.......     100%        4    #####..
 Fulminant Prism          Conj/Hex       #.........   100%        4    #####..
 Iskenderun's Mystic Bla  Conj           #.......     100%        4    #####..
 Lightning Bolt           Conj/Air       #.........   100%        5    ######.


Dungeon Overview and Level Annotations

Branches:
Dungeon (11/15)            Temple (0/1) D:5            Lair (3/6) D:8
    Orc (0/2) D:11
  Swamp: Lair:2-4    Shoals: Lair:2-4     Snake: Lair:2-4    Spider: Lair:2-4

Altars:
Ashenzari
Cheibriados
Elyvilon
Fedhas
Kikubaaqudgha
Makhleb
Nemelex Xobeh
Ru
Sif Muna
Uskayaw
Vehumet
Xom

Shops:
D:4 }   D:10 [   D:11 =(

Annotations:
D:11 exclusion: obsidian statue


Innate Abilities, Weirdness & Mutations

You reflexively headbutt those who attack you in melee.
You have a pair of large horns on your head.
You are partially covered in icy blue scales. (AC +2)
You have a somewhat thin skeletal structure. (Dex +2, Stealth)
You can translocate small distances at will.
You possess an exceptional clarity of mind.
Your mind is acute. (Int +2)
Armour fits poorly on your strangely shaped body.
Your flesh is heat resistant. (rF+)
Your system is resistant to poisons. (rPois)
Your muscles are strong. (Str +2)
You expend magic power (3 MP) to strengthen your wands.
Your movements are slightly less encumbered by armour. (ER -2)


Message History

You headbutt something! Something gores you.
No target in view!
No target in view!
Your plate armour prevents you from hitting something.
You sock something! Your headbutt misses something. Something gores you!!
You hear a bellow!
Something gores you but does no damage. Something gores you!!
* * * LOW HITPOINT WARNING * * *
Blink to where?
Press: ? - help, Dir - move target cursor You are very lightly contaminated with residual magic.
As you read the scroll of blinking, it crumbles to dust.
You hear a bellow!
You hear a bellow! x2
You hear a bellow!
You hear a bellow!
Something gores you!!
You die...
Xom bursts into laughter!

####.######..#P######.
#.....##.....### #..
##............# #####.
#...........PP####.###.
###...........PP.#...##.
#.....#...#P.........#..
##...#.....P.......P....
##P................PPP...
#....#P.@..........P#....
##.......................
#.....[....#####P##.....
#.........## ####..P#.
#......^..# #######..#.
####.....## #.#.#.#...P
#......######...##P...
##..........#....###...
#...P##.###......##....


There were no monsters in sight!

Vanquished Creatures
  Rupert (Lair:3)
  Gastronok (Lair:1)
  3 death yaks
  An unseen horror (D:11)
  An orc knight (D:11)
  A deep elf mage (D:11)
  6 elephants (Lair:3)
  2 centaur skeletons (D:11)
  4 spiny frogs
  A komodo dragon (Lair:2)
  2 trolls (D:11)
  A raiju (D:11)
  3 polar bears
  Grinder (D:4)
  A hornet (D:9)
  15 blink frogs
  2 hippogriffs
  A wyvern (D:9)
  13 yaks
  Grum (D:10)
  A basilisk (Lair:1)
  2 hungry ghosts
  2 wargs
  A soldier ant (D:11)
  A hell hound (Lair:2)
  7 water moccasins
  2 black bears
  6 orc warriors
  2 porcupines
  3 sky beasts
  An ice beast (D:11)
  3 centaurs
  7 wolves
  4 ogres
  7 crocodiles
  12 bullfrogs
  4 scorpions
  6 killer bees
  3 electric eels
  3 crimson imps
  A howler monkey (D:11)
  A bullfrog zombie (D:8)
  2 centaur zombies
  9 hounds
  A gnoll shaman (D:5)
  5 jellies
  Crazy Yiuf (D:2)
  7 orc priests
  An iguana (D:9)
  11 orc wizards
  Ijyb (D:3)
  5 worker ants
  4 hell rats (Lair:2)
  A hound skeleton (D:6)
  2 worker ant zombies
  3 gnolls (D:5)
  15 adders
  8 river rats (Lair:2)
  3 shadow imps
  7 oozes
  An adder skeleton (D:4)
  4 worms
  A dart slug (D:2)
  7 leopard geckos
  31 orcs
  2 bats (D:1)
  6 giant cockroaches
  7 goblins
  6 hobgoblins
  6 jackals (D:5)
  7 quokkas
  3 frilled lizards
  5 kobolds
  3 leopard gecko skeletons
  2 quokka skeletons
  10 rats
  A fungus (Lair:1)
328 creatures vanquished.

Vanquished Creatures (collateral kills)
  A troll (D:11)
  A blink frog (Lair:1)
2 creatures vanquished.

Vanquished Creatures (others)
  A dancing weapon (D:11)
  A komodo dragon (Lair:3)
  A leopard gecko (D:2)
  4 fungi
  3 plants
10 creatures vanquished.

Grand Total: 340 creatures vanquished

Notes
Turn   | Place    | Note
-------+----------+-------------------------------------------
     0 | D:1      | Inarius the Minotaur Chaos Knight began the quest for the
                  | Orb.
     0 | D:1      | Reached XP level 1. HP: 19/19 MP: 0/0
   346 | D:1      | XOM: divination: magic mapping
   360 | D:1      | XOM: harmless Air miscast
   413 | D:1      | XOM: harmless Summ miscast
   424 | D:1      | XOM: divination: magic mapping
   463 | D:1      | Reached XP level 2. HP: 27/27 MP: 1/1
   825 | D:1      | XOM: divination: magic mapping
  1092 | D:2      | XOM: harmless Ice miscast
  1207 | D:2      | Reached XP level 3. HP: 33/33 MP: 2/2
  1265 | D:2      | Found a runed translucent door.
  1266 | D:2      | Noticed Crazy Yiuf
  1455 | D:2      | XOM: noise
  1508 | D:2      | Killed Crazy Yiuf
  1508 | D:2      | Reached XP level 4. HP: 21/41 MP: 3/3
  2028 | D:2      | XOM: harmless Pois miscast
  2076 | D:2      | XOM: confuse monster(s)
  2127 | D:2      | XOM: harmless Necr miscast
  2286 | D:3      | Reached skill level 1 in Staves
  2286 | D:3      | Reached XP level 5. HP: 47/47 MP: 4/4
  2378 | D:3      | Reached skill level 5 in Fighting
  2474 | D:3      | Reached skill level 2 in Staves
  2627 | D:3      | Noticed Ijyb
  2632 | D:3      | XOM: potion effect (invisibility)
  2636 | D:3      | Killed Ijyb
  2719 | D:4      | Noticed Grinder
  2733 | D:4      | XOM: cast spell 'Summon Butterflies'
  2735 | D:4      | Killed Grinder
  2735 | D:4      | Reached skill level 4 in Staves
  2735 | D:4      | Reached skill level 1 in Evocations
  2735 | D:4      | Reached XP level 6. HP: 26/56 MP: 4/6
  2961 | D:4      | Reached skill level 5 in Staves
  2987 | D:4      | Reached XP level 7. HP: 48/61 MP: 7/7
  3122 | D:4      | Reached skill level 6 in Staves
  3269 | D:4      | XOM: harmless Fire miscast
  3534 | D:4      | Reached skill level 7 in Staves
  3797 | D:4      | XOM: harmless Air miscast
  3887 | D:4      | Found Paumpyix's Gadget Emporium.
  3942 | D:4      | XOM: harmless Pois miscast
  4175 | D:5      | Entered Level 5 of the Dungeon
  4175 | D:5      | Found a blossoming altar of Fedhas.
  4178 | D:5      | Reached XP level 8. HP: 68/69 MP: 8/8
  4235 | D:5      | XOM: smoke on damage
  4308 | D:5      | XOM: noise
  4337 | D:5      | Reached skill level 8 in Staves
  4440 | D:5      | Found a sparkling altar of Nemelex Xobeh.
  4492 | D:5      | Found a burning altar of Makhleb.
  4498 | D:5      | Found a staircase to the Ecumenical Temple.
  4657 | D:5      | XOM: medium Chrm miscast
  4761 | D:5      | XOM: 10-stop teleportation journey
  4943 | D:6      | Reached skill level 9 in Staves
  5094 | D:6      | XOM: summons friendly crimson imp
  5239 | D:6      | XOM: harmless Ice miscast
  5286 | D:6      | Found a snail-covered altar of Cheibriados.
  5737 | D:7      | Reached skill level 5 in Armour
  5756 | D:7      | Found a white marble altar of Elyvilon.
  5777 | D:7      | Reached skill level 10 in Staves
  5871 | D:7      | Found a deep blue altar of Sif Muna.
  5873 | D:7      | Found a hide-covered altar of Uskayaw.
  5876 | D:7      | Found a radiant altar of Vehumet.
  5918 | D:7      | Found a sacrificial altar of Ru.
  6021 | D:7      | Reached XP level 9. HP: 73/77 MP: 10/10
  6139 | D:7      | XOM: smoke on damage
  6284 | D:8      | Found a staircase to the Lair.
  6453 | D:8      | Reached skill level 11 in Staves
  6620 | D:8      | XOM: cloud trail
  6651 | D:8      | XOM: give mutations
  6651 | D:8      | Gained mutation: Your mind is acute. (Int +2) [Xom's grace]
  6651 | D:8      | Gained mutation: Your flesh is heat resistant. (rF+) [Xom's
                  | grace]
  6651 | D:8      | Gained mutation: You are partially covered in icy blue
                  | scales. (AC +2) [Xom's grace]
  6667 | D:8      | XOM: scenery: 1 doors close
  6749 | D:8      | XOM: divination: detect items
  6823 | D:8      | Identified the +3 rapier "Minotaur's Doom" {antimagic,
                  | Fragile +Inv Str+5 SInv} (You found it on level 8 of the
                  | Dungeon)
  6854 | D:8      | XOM: harmless Pois miscast
  7255 | D:9      | XOM: mild Conj miscast
  7286 | D:9      | Found a shattered altar of Ashenzari.
  7360 | D:9      | XOM: enchant monster (bad)
  7404 | D:9      | Found a blossoming altar of Fedhas.
  7405 | D:9      | Found an ancient bone altar of Kikubaaqudgha.
  7435 | D:9      | XOM: 3-stop teleportation journey
  7438 | D:9      | Found a shimmering altar of Xom.
  7767 | D:10     | Entered Level 10 of the Dungeon
  7774 | D:10     | Reached skill level 12 in Staves
  7922 | D:10     | XOM: mild Hex miscast
  7942 | D:10     | XOM: mild Pois miscast
  7943 | D:10     | Reached XP level 10. HP: 86/86 MP: 12/12
  7957 | D:10     | XOM: harmless Tloc miscast
  8094 | D:9      | XOM: give mutations
  8094 | D:9      | Gained mutation: You expend magic power (3 MP) to
                  | strengthen your wands. [Xom's mischief]
  8094 | D:9      | Lost mutation: Your mind is acute. (Int +2) [Xom's
                  | mischief]
  8247 | D:9      | XOM: harmless Erth miscast
  8394 | D:10     | Found Katzag's Antique Armour Emporium.
  8397 | D:10     | Bought a pair of transparent gloves for 294 gold pieces
  8402 | D:10     | Identified the cursed -2 pair of gloves of Context
                  | {*Corrode Slay+3 Stlth+} (You bought it in a shop on level
                  | 10 of the Dungeon)
  8494 | D:10     | Noticed Grum
  8504 | D:10     | Killed Grum
  8854 | D:10     | XOM: harmless Tloc miscast
  9012 | D:11     | XOM: harmless Ice miscast
  9130 | D:11     | Noticed an obsidian statue
  9181 | D:11     | XOM: give mutation
  9181 | D:11     | Gained mutation: Armour fits poorly on your strangely
                  | shaped body. [Xom's mischief]
  9215 | D:11     | Killed an unseen horror
  9215 | D:11     | Reached skill level 13 in Staves
  9335 | D:11     | Reached skill level 5 in Evocations
  9343 | D:11     | XOM: noise
  9362 | D:11     | XOM: cast spell 'Summon Mana Viper'
  9389 | D:11     | XOM: divination: detect creatures
  9581 | D:11     | Noticed an orc knight
  9586 | D:11     | XOM: confuse monster(s)
  9604 | D:11     | Killed an orc knight
  9872 | D:11     | XOM: silly message
  9874 | D:11     | XOM: summons friendly iron imp
  9882 | D:11     | XOM: enchant monster (good)
  9887 | D:11     | XOM: enchant monster (bad)
  9931 | D:11     | Found a staircase to the Orcish Mines.
  9931 | D:11     | Found Cetsoff's Weapon Shoppe.
  9981 | D:11     | Found Aploedd's Jewellery Boutique.
 10018 | D:11     | XOM: repel stairs
 10030 | D:11     | XOM: summons friendly white imp
 10041 | D:11     | XOM: summons 10 friendly demons
 10068 | D:11     | XOM: mild Erth miscast
 10223 | D:11     | Reached XP level 11. HP: 94/94 MP: 14/14
 10228 | D:11     | Reached skill level 14 in Staves
 10239 | D:11     | Noticed a sun demon
 10242 | D:11     | XOM: divination: detect items
 10246 | D:11     | XOM: polymorph yak -> raiju
 10265 | D:11     | XOM: fog
 10269 | D:11     | XOM: enchant monster (bad)
 10450 | D:11     | XOM: harmless Ice miscast
 10505 | D:11     | Noticed a deep elf mage
 10515 | D:11     | XOM: summons 8 friendly demons
 10518 | D:11     | Killed a deep elf mage
 10776 | D:10     | Bought a pair of embroidered gloves for 232 gold pieces
 10791 | D:10     | XOM: harmless Summ miscast
 10985 | D:11     | XOM: harmless Summ miscast
 11008 | D:11     | XOM: 1-stop teleportation journey
 11089 | D:10     | XOM: divination: magic mapping
 11119 | Lair:1   | Entered Level 1 of the Lair of Beasts
 11159 | Lair:1   | Noticed Gastronok
 11162 | Lair:1   | XOM: scenery: create altars
 11191 | Lair:1   | XOM: divination: detect creatures
 11192 | Lair:1   | Killed Gastronok
 11233 | Lair:1   | XOM: 5-stop teleportation journey
 11579 | Lair:1   | XOM: confuse monster(s)
 11585 | Lair:1   | Reached skill level 15 in Staves
 11700 | Lair:1   | XOM: summons 7 friendly demons
 11938 | Lair:1   | XOM: give mutations
 11938 | Lair:1   | Gained mutation: Your muscles are strong. (Str +2) [Xom's
                  | grace]
 11938 | Lair:1   | Gained mutation: Your mind is acute. (Int +2) [Xom's grace]
 11981 | Lair:1   | XOM: give mutations
 11981 | Lair:1   | Gained mutation: You have a somewhat thin skeletal
                  | structure. (Dex +2, Stealth) [Xom's grace]
 11981 | Lair:1   | Gained mutation: You possess an exceptional clarity of
                  | mind. [Xom's grace]
 12153 | Lair:1   | Reached skill level 10 in Armour
 12295 | Lair:1   | XOM: scenery: create altars
 12545 | Lair:1   | XOM: give mutations
 12545 | Lair:1   | Gained mutation: Your system is resistant to poisons.
                  | (rPois) [Xom's grace]
 12545 | Lair:1   | Gained mutation: Your movements are slightly less
                  | encumbered by armour. (ER -2) [Xom's grace]
 12545 | Lair:1   | Gained mutation: You have a pair of large horns on your
                  | head. [Xom's grace]
 12545 | Lair:1   | Gained mutation: You can translocate small distances at
                  | will. [Xom's grace]
 12647 | Lair:2   | XOM: cast spell 'Chain of Chaos'
 12726 | Lair:2   | XOM: god gift: 7 javelins of penetration
 12818 | Lair:2   | XOM: cast spell 'Alistair's Intoxication'
 12829 | Lair:2   | Reached XP level 12. HP: 84/106 MP: 14/16
 13673 | Lair:2   | XOM: harmless Fire miscast
 13679 | Lair:2   | Reached skill level 10 in Fighting
 14039 | Lair:3   | Noticed Rupert
 14096 | Lair:3   | XOM: cleaving
 14101 | Lair:3   | Reached skill level 16 in Staves
 14322 | Lair:2   | XOM: scenery: create altars
 14394 | Lair:3   | Killed Rupert
 14403 | Lair:3   | XOM: scenery: create altars
 14413 | Lair:3   | XOM: cleaving
 14466 | Lair:3   | Noticed a death yak
 14466 | Lair:3   | Noticed a death yak
 14466 | Lair:3   | Noticed a death yak
 14467 | Lair:3   | Noticed a death yak
 14468 | Lair:3   | XOM: divine lightning
 14480 | Lair:3   | XOM: summons 6 friendly demons
 14527 | Lair:2   | Killed a death yak
 14600 | Lair:3   | XOM: 3-stop teleportation journey
 14659 | Lair:3   | XOM: 2-stop teleportation journey
 14694 | Lair:3   | XOM: summons 6 hostile demons
 14826 | Lair:3   | XOM: summons 2 friendly demons
 14845 | Lair:3   | XOM: fog
 14849 | Lair:3   | XOM: scenery: create altars
 15191 | Lair:3   | XOM: 5-stop teleportation journey
 15459 | Lair:3   | XOM: scenery: create altars
 15561 | Lair:3   | XOM: destruction
 15563 | Lair:3   | Killed a death yak
 15567 | Lair:3   | Killed a death yak
 15588 | Lair:3   | Demolished by a death yak

Levels and vault maps discovered:
D:1:      dpeg_arrival_leaves_temple_mockup, layout_loops_corners
D:2:      layout_loops_ring, first_ration, minmay_ruptured,
          uniq_crazy_yiuf_cottage
D:3:      layout_rooms, uniq_ijyb
D:4:      minmay_skewed_foursquare, layout_gridville, serial_shops,
          shop_fountains, uniq_grinder
D:5:      layout_rooms, old_standard_altar, nicolae_overflow_hidden_temple,
          temple_pool_b, kennysheep_donut, fedhas_altar_1
D:6:      layout_basic, lemuel_crystal_altar, minivault_24,
          nicolae_lava_and_water
D:7:      layout_basic, elyvilon_altar_4, grunt_temple_overflow_open,
          nicolae_ru_path_of_blood
D:8:      layout_gridville, erik_lair_orcish_takeover
D:9:      layout_roguey, grunt_temple_overflow_growth_and_decay, basic_altar,
          hangedman_little_slice_of_home, xom_teletrap_fun
D:10:     layout_loops_corners, serial_shops, nicolae_shop_behind_doors,
          chequers_serial_rivers_small_a, uniq_grum
D:11:     minmay_angry_zag, layout_stronghold, orc_david_3, serial_shops, shop,
          hangedman_decor_diamond_cutter, serial_park_tiny_pond, minivault_16,
          hex_medium
Lair:1:   layout_small_grid, uniq_gastronok
Lair:2:   layout_cave_pods, kennysheep_abandoned_house, serial_bayou_shore_a
Lair:3:   layout_misc_corridors, gammafunk_lair_bear_cave, uniq_rupert

Skill      XL: |  1  2  3  4  5  6  7  8  9 10 11 12 |
---------------+-------------------------------------+-----
Fighting       | 4 5 6 7 8 9 11 | 11.0
Short Blades   | 4 |  4.3
Armour         | 3 4 5 7 8 10 11 | 11.7
Staves         | 1 4 5 7 10 12 13 15 16 | 16.6
Dodging        | 2 3 |  3.3
Evocations     | 1 2 3 4 5 6 7 |  7.8
Stealth        | |  0.7
Shields        | |  0.1

Action                   |  1- 3 |  4- 6 |  7- 9 | 10-12 || total
-------------------------+-------+-------+-------+-------++-------
Melee: Short sword       |    87 |       |       |       ||    87
       Headbutt          |    10 |     7 |    44 |   143 ||   204
       Quarterstaff      |       |    97 |   315 |   511 ||   923
Evoke: Wand              |       |       |     6 |     8 ||    14
  Use: Scroll            |       |     4 |    11 |    12 ||    27
       Potion            |       |       |       |     1 ||     1
 Stab: Paralysed         |     1 |     1 |     2 |     6 ||    10
       Sleeping          |       |     1 |       |       ||     1
       Invisible         |       |     2 |       |       ||     2
       Confused          |       |     1 |       |     4 ||     5
       Petrified         |       |       |     2 |       ||     2
       Distracted        |       |       |       |     1 ||     1
  Eat: Chunk             |     2 |     5 |    35 |    29 ||    71
Armor: Leather armour    |    38 |       |       |       ||    38
       Scale mail        |       |    22 |       |       ||    22
       Chain mail        |       |    43 |   106 |       ||   149
       Plate armour      |       |       |    56 |   257 ||   313
Dodge: Dodged            |    34 |    47 |   101 |   172 ||   354
Block: Buckler           |     3 |       |       |       ||     3

Table legend:
 A = Non-vault XP
 B = Vault XP
 C = Vault XP percentage of total XP
 D = Non-vault monster count
 E = Vault monster count
 F = Vault count percentage of total count
                 A         B        C        D         E       F
            +---------+---------+-------+---------+---------+-------
      Total |   26637 |    9700 |  26.7 |     265 |      66 |  19.9
            +---------+---------+-------+---------+---------+-------
        D:1 |      19 |       0 |   0.0 |      10 |       0 |   0.0
        D:2 |      91 |      48 |  34.5 |      22 |       3 |  12.0
        D:3 |     149 |      35 |  19.0 |      20 |       1 |   4.8
        D:4 |     509 |     533 |  51.2 |      21 |       5 |  19.2
        D:5 |     444 |       0 |   0.0 |      32 |       0 |   0.0
        D:6 |     613 |       0 |   0.0 |      15 |       0 |   0.0
        D:7 |     639 |     208 |  24.6 |      15 |       3 |  16.7
        D:8 |     546 |     437 |  44.5 |      14 |       6 |  30.0
        D:9 |     917 |     167 |  15.4 |       9 |       8 |  47.1
       D:10 |     989 |     424 |  30.0 |      16 |       3 |  15.8
       D:11 |    5326 |    1604 |  23.1 |      25 |      12 |  32.4
     Lair:1 |    4441 |    2109 |  32.2 |      25 |       1 |   3.8
     Lair:2 |    4532 |     663 |  12.8 |      20 |      19 |  48.7
     Lair:3 |    7422 |    3472 |  31.9 |      21 |       5 |  19.2
            +---------+---------+-------+---------+---------+-------
